 Dungeon Crawl Stone Soup version 0.31-a0-210-gccc998df9b (webtiles) character file.

Game seed: 8674162073299229124

383 qw the Chopper (level 6, -7/39 HPs)
             Began as a Gargoyle Fighter on June 29, 2023.
             Killed from afar by a steam dragon (13 damage)
             ... with a ball of steam
             ... on level 7 of the Dungeon.
             The game lasted 00:01:10 (2711 turns).

qw the Chopper (Gargoyle Fighter)                   Turns: 2711, Time: 00:01:11

Health: -7/39      AC: 20    Str: 22    XL:     6   Next: 76%
Magic:  6/6        EV:  8    Int:  8    God:
Gold:   131        SH:  4    Dex:  9    Spells: 5/5 levels left

rFire   . . .        Y - +0 war axe (protect)
rCold   . . .        c - +0 buckler
rNeg    + . .        g - +0 chain mail
rPois   inf          (no helmet)
rElec   +            (no cloak)
rCorr   .            (no gloves)
SInv    +            (no boots)
Will    +....        (no amulet) Stlth
                     h - ring of see invisible
HPRegen 0.26/turn    i - ring of willpower
MPRegen 0.10/turn

%: no passive effects
@: under a protective aura
A: sickness immunity, AC +4, negative energy resistance 1, electricity
resistance, torment resistance 1, petrification resistance
a: no special abilities


You were on level 7 of the Dungeon.
You visited 1 branch of the dungeon, and saw 5 of its levels.

You collected 131 gold pieces.


Innate Abilities, Weirdness & Mutations

You are immune to sickness and miasma.
Your stone body is resilient. (AC +4)
You are immune to poison.
You resist negative energy. (rN+)
You are resistant to electric shocks. (rElec)
You are resistant to unholy torment.
You are immune to petrification.


   Skills:
 - Level 4.5 Fighting
 + Level 5.6 Axes
 - Level 1.2 Throwing
 - Level 3.2 Armour
 - Level 3.2 Shields


You had 5 spell levels left.
You didn't know any spells.
Your spell library was empty.

Inventory:

Hand Weapons
 k - a +0 mace
 Y - a +0 war axe of protection (weapon)
Armour
 b - a +0 helmet
 c - a +0 buckler (worn)
 g - a +0 chain mail (worn)
Jewellery
 h - a ring of see invisible (left hand)
 i - a ring of willpower (right hand)
Scrolls
 j - a scroll of identify
Potions
 a - a potion of enlightenment {unknown}
 d - a potion of might
 e - a potion of berserk rage {unknown}
 f - a potion of lignification
 l - a potion of curing {unknown}

Dungeon Overview and Level Annotations

Branches:
Dungeon (4/15)
 Temple: D:4-7

Altars:

Annotations:
D:7 3 runed translucent doors


Message History

You closely miss the bullfrog.
The steam dragon hisses angrily.
The steam dragon breathes steam at you. The ball of steam hits you!
You block the bullfrog's attack.
You hear an angry growl.
You completely miss the bullfrog.
You are engulfed in a cloud of scalding steam.
The bullfrog completely misses you. You block the bullfrog's attack.
You slash the bullfrog!
Your weapon exudes an aura of protection.
The bullfrog is moderately wounded.
You are engulfed in a cloud of scalding steam.
You block the bullfrog's attack.
The bullfrog hits you but does no damage.
You barely miss the bullfrog.
The bullfrog is moderately wounded.
You hit the steam dragon.
You are engulfed in a cloud of scalding steam.
The bullfrog hits you but does no damage.
The steam dragon bites you but does no damage.
The steam dragon claws you but does no damage.
You block the bullfrog's attack.
You hit the bullfrog.
The bullfrog is heavily wounded.
You hit the steam dragon but do no damage.
The bullfrog hits you but does no damage.
The steam dragon breathes steam at you. The ball of steam misses you.
The bullfrog closely misses you. The steam dragon bites you!
The steam dragon claws you but does no damage.
You hear an angry growl.
You slash the bullfrog!
The bullfrog is almost dead.
You closely miss the steam dragon.
You are engulfed in a cloud of scalding steam.
The bullfrog is engulfed in a cloud of scalding steam.
The bullfrog dies!
The steam dragon breathes steam at you. The ball of steam hits you!
You die...

#. #####++ .##
##.#.... ..### .......
#.#.. ..#.#. #.#[# # #
#.#... #...#
#.#######.#...
#..D###.............
#.¤@¤....(##.......#
#..#......(..##.##.#
#..#.#.#####))..##.#
#.###..#...# #.#####>.
............#
#....##..
#..###..#...#
#.##..... #
##..##..#####.#####..
..............#####..
###..######...........


You could see a steam dragon (catching breath).

Vanquished Creatures
  A black bear (D:4)
  A kobold brigand (D:7)
  A howler monkey (D:4)
  An orc wizard (D:3)
  An iguana (D:4)
  Robin (D:4)
  4 adders
  6 orcs
  5 ball pythons
  6 endoplasms
  3 giant cockroaches (D:1)
  10 goblins
  8 hobgoblins
  3 jackals (D:3)
  3 quokkas
  4 bats
  2 frilled lizards
  10 kobolds
  3 rats
73 creatures vanquished.

Vanquished Creatures (others)
  A bullfrog (D:7)
  An orc wizard (D:7)
2 creatures vanquished.

Grand Total: 75 creatures vanquished

Notes
Turn   | Place    | Note
-------+----------+-------------------------------------------
     0 | D:1      | qw the Gargoyle Fighter began the quest for the Orb.
     0 | D:1      | Reached XP level 1. HP: 14/14 MP: 1/1
     0 | D:1      | 0 ||| qw: Version: 0.3-a-24-ga2abf7b
     0 | D:1      | 0 ||| qw: Game counter: 6850
     0 | D:1      | 0 ||| qw: Melee chars always use a shield: true
     0 | D:1      | 0 ||| qw: God list: Okawaru
     0 | D:1      | 0 ||| qw: Allow faded altars: false
     0 | D:1      | 0 ||| qw: Do Orc after clearing Dungeon:15 true
     0 | D:1      | 0 ||| qw: Do second Lair branch before Depths: true
     0 | D:1      | 0 ||| qw: Lair rune preference: random
     0 | D:1      | 0 ||| qw: Goals: Normal, Zot:1-4, Slime:5, God:TSO, Crypt,
                  | Tomb, Abyss, Pan, Hells, Win
     0 | D:1      | 0 ||| PLANNING D:1-11
    75 | D:1      | Reached skill level 2 in Axes
   265 | D:1      | Reached XP level 2. HP: 19/19 MP: 2/2
   689 | D:1      | 689 ||| Stepping ~*~*~tactically~*~*~ (hiding).
   915 | D:1      | 915 ||| UPGRADING to ring of see invisible.
   916 | D:1      | 916 ||| READING scroll labelled POAPAO TEAZOM.
   917 | D:1      | 917 ||| READING scroll labelled SEEZO SOZI.
   918 | D:1      | 918 ||| READING scroll labelled FIM LINOSS.
   919 | D:1      | 919 ||| DRINKING 2 fuming amethyst potions.
  1011 | D:2      | Reached skill level 3 in Axes
  1182 | D:2      | Reached XP level 3. HP: 23/23 MP: 3/3
  1289 | D:2      | 1289 ||| DROPPING +0 club.
  1346 | D:2      | Reached skill level 1 in Throwing
  1396 | D:2      | 1396 ||| READING scroll labelled HEODURPH WAL WIYC.
  1397 | D:2      | 1397 ||| READING scroll labelled SISSIXTOLL.
  1434 | D:3      | 1434 ||| Stepping ~*~*~tactically~*~*~ (hiding).
  1484 | D:3      | 1484 ||| Stepping ~*~*~tactically~*~*~ (stealth).
  1556 | D:3      | 1556 ||| Stepping ~*~*~tactically~*~*~ (stealth).
  1597 | D:3      | 1597 ||| Stepping ~*~*~tactically~*~*~ (stealth).
  1599 | D:3      | 1599 ||| Stepping ~*~*~tactically~*~*~ (stealth).
  1615 | D:3      | 1615 ||| Stepping ~*~*~tactically~*~*~ (stealth).
  1638 | D:3      | 1638 ||| Stepping ~*~*~tactically~*~*~ (stealth).
  1678 | D:3      | Reached XP level 4. HP: 28/28 MP: 4/4
  1971 | D:3      | Reached skill level 4 in Axes
  2017 | D:3      | 2017 ||| FLEEEEING.
  2023 | D:3      | 2023 ||| Stepping ~*~*~tactically~*~*~ (stealth).
  2024 | D:3      | 2024 ||| Stepping ~*~*~tactically~*~*~ (stealth).
  2076 | D:3      | 2076 ||| Stepping ~*~*~tactically~*~*~ (stealth).
  2084 | D:3      | Reached XP level 5. HP: 32/32 MP: 5/5
  2377 | D:3      | 2377 ||| UPGRADING to +0 chain mail.
  2387 | D:3      | 2387 ||| DROPPING +0 scale mail.
  2388 | D:3      | 2388 ||| UPGRADING to ring of willpower.
  2389 | D:3      | 2389 ||| READING 2 scrolls labelled OGEIHE BUIRHO.
  2390 | D:3      | 2390 ||| DRINKING 2 sedimented orange potions.
  2391 | D:3      | 2391 ||| DROPPING potion of degeneration.
  2392 | D:3      | 2392 ||| DROPPING scroll of vulnerability.
  2433 | D:4      | Noticed Robin
  2436 | D:4      | 2436 ||| Stepping ~*~*~tactically~*~*~ (hiding).
  2444 | D:4      | Killed Robin
  2512 | D:4      | Reached skill level 5 in Axes
  2556 | D:4      | Noticed a black bear
  2561 | D:4      | Killed a black bear
  2562 | D:4      | Reached XP level 6. HP: 39/39 MP: 6/6
  2582 | D:4      | You fall into a shaft and drop 3 floors!
  2671 | D:7      | Found a runed translucent gate.
  2671 | D:7      | Found a runed translucent gate.
  2671 | D:7      | Found a runed translucent gate.
  2705 | D:7      | Noticed a steam dragon
  2710 | D:7      | HP: 5/39 [steam dragon (7)]
  2711 | D:7      | Killed from afar by a steam dragon

Levels and vault maps discovered:
D:1:      lemuel_arrival_broad_hall, layout_basic, serial_co_window_serial,
          co_window_corner_a, co_window_of_opportunity_a, co_window_paths_b,
          co_window_corner_a, co_window_corner_a, co_window_corner_b,
          co_window_unsneaky_path_c, co_window_corner_ca, co_window_broadway_b,
          co_window_broadway_b, glass_columns_a, glass_columns_c,
          glass_columns_a, glass_columns_a, glass_columns_b
D:2:      layout_rooms, kennysheep_cross_bottleneck
D:3:      layout_basic, wad_floor_pattern_untrapped,
          kennysheep_decorative_pillar
D:4:      layout_loops_ring, dancing_weapons_uskayaw,
          mainiacjoe_overflow_chevrons, uniq_robin, uniq_ijyb
D:7:      kennysheep_kobold_camp, layout_loops_ring,
          mainiacjoe_overflow_catwalk, gammafunk_ghost_cemetery,
          lightli_bailey_entry_fortress

Skill      XL: |  1  2  3  4  5 |
---------------+----------------+-----
Axes           | 2 3 4 5 |  5.6
Throwing       | 1 |  1.2
Fighting       | 4 |  4.5
Armour         | |  3.2
Shields        | |  3.2

Action                     |  1- 3 |  4- 6 || total
---------------------------+-------+-------++-------
  Melee: War axe           |    77 |    95 ||   172
  Throw: Javelin           |    43 |    18 ||    61
    Use: Scroll            |     5 |     1 ||     6
         Potion            |     1 |     1 ||     2
 Armour: Scale mail        |    46 |    24 ||    70
         Chain mail        |       |    55 ||    55
  Dodge: Dodged            |    42 |    51 ||    93
  Block: Buckler           |    17 |    20 ||    37

Table legend:
 A = Non-vault XP
 B = Vault XP
 C = Vault XP percentage of total XP
 D = Non-vault monster count
 E = Vault monster count
 F = Vault count percentage of total count
                 A         B        C        D         E       F
            +---------+---------+-------+---------+---------+-------
      Total |     589 |      33 |   5.3 |      64 |      11 |  14.7
            +---------+---------+-------+---------+---------+-------
        D:1 |      27 |       0 |   0.0 |      16 |       0 |   0.0
        D:2 |      27 |       0 |   0.0 |      10 |       0 |   0.0
        D:3 |     113 |       0 |   0.0 |      23 |       0 |   0.0
        D:4 |     223 |      33 |  12.9 |       3 |      11 |  78.6
        D:7 |     199 |       0 |   0.0 |      12 |       0 |   0.0
            +---------+---------+-------+---------+---------+-------
